 Dungeon Crawl Stone Soup version 0.27-a0-660-g90476cec82 (webtiles) character file.

Game seed: 14413976394832978014

1071 shoop the Cleaver (level 8, -2/100 HPs)
             Began as a Palentonga Abyssal Knight on Mar 16, 2021.
             Was a Priest of Lugonu.
             Slain by an orc warrior
             ... wielding a +0 trident
              (19 damage)
             ... on level 6 of the Dungeon.
             The game lasted 00:18:57 (9021 turns).

shoop the Cleaver (Palentonga Abyssal Knight)       Turns: 9021, Time: 00:18:58

Health: -2/100     AC: 12    Str: 17    XL:     8   Next: 7%
Magic:  12/12      EV:  7    Int: 12    God:    Lugonu [***...]
Gold:   42         SH:  8    Dex: 17    Spells: 7/7 levels left

rFire    . . .     SeeInvis +   D - +2 hand axe (vorpal)
rCold    . . .     Faith    .   A - +0 kite shield
rNeg     + . .     Spirit   .   b - +0 leather armour
rPois    .         Reflect  .   (no helmet)
rElec    .         Harm     .   (no cloak)
rCorr    .         Rampage  .   x - +0 pair of gloves
Will     .....                  (no barding)
Stlth    ..........             (no amulet)
HPRegen  0.26/turn              s - ring of positive energy
MPRegen  0.13/turn              y - +6 ring of dexterity

@: berserking, curled up, very quick
A: large, rugged brown scales 3, see invisible, deformed body, roll 1, armoured
tail, reflexive curl
a: Rolling Charge, Renounce Religion, Depart the Abyss, Bend Space, Banish


You were on level 6 of the Dungeon.
You worshipped Lugonu.
Lugonu was most pleased with you.
You visited 1 branch of the dungeon, and saw 7 of its levels.
You visited the Abyss 1 time.

You collected 223 gold pieces.
You spent 181 gold pieces at shops.

Inventory:

Hand Weapons
 a - a +1 hand axe
 D - a +2 vorpal hand axe (weapon)
Missiles
 k - a throwing net
 n - 7 javelins
 u - 13 boomerangs (quivered)
Armour
 b - a +0 leather armour (worn)
 r - a +0 tower shield
 x - a +0 pair of gloves (worn)
 A - a +0 kite shield (worn)
Jewellery
 s - a ring of positive energy (right hand)
 y - a +6 ring of dexterity (left hand)
Wands
 E - a wand of digging (5)
Scrolls
 d - 4 scrolls of enchant weapon {unknown}
 g - 2 scrolls of noise {unknown}
 h - 3 scrolls of fear {unknown}
 i - 2 scrolls of random uselessness {unknown}
 j - a scroll of blinking
 m - a scroll of immolation
 o - 2 scrolls of fog {unknown}
 p - 3 scrolls of magic mapping {unknown}
 q - a scroll of enchant armour
 t - a scroll of teleportation
 B - a scroll of silence {unknown}
 F - a scroll of amnesia {unknown}
Potions
 c - 2 potions of brilliance
 e - a potion of haste
 f - 4 potions of lignification {unknown}
 l - 2 potions of cancellation {unknown}
 v - a potion of mutation {unknown}
 w - a potion of flight
 C - a potion of attraction {unknown}


   Skills:
 - Level 3.0 Fighting
 * Level 8.1 Axes
 - Level 1.5 Armour
 - Level 0.7 Dodging
 + Level 1.7 Shields
 + Level 5.4 Invocations


You had 7 spell levels left.
You didn't know any spells.
Your spell library was empty.

Dungeon Overview and Level Annotations

Branches:
Dungeon (7/15)             Temple (0/1) D:4

Altars:
Fedhas
Gozag
Sif Muna
The Shining One

Shops:
D:5 (

Annotations:
D:2 1 runed translucent door, Crazy Yiuf
D:4 exclusions: door and 1 more exclusion
D:5 Edmund, Pikel


Innate Abilities, Weirdness & Mutations

You are completely covered in rugged brown scales. (AC +3, +7% HP)
You have supernaturally acute eyesight. (SInv)
Armour fits poorly on your strangely shaped body.
You can roll at nearby foes to attack.
You have a long armoured tail.
You curl defensively after being hit.


Message History

The orc warrior hits you with a +0 trident!!
Space bends around you!
You blink.
Roll where?
Press: ? - help, Dir - move target, f/p - orc warrior
Aim: an orc warrior, wielding a +0 trident and wearing a +0 chain mail (moderately wounded)
You roll forward with a clatter of scales!
You barely miss the orc warrior.
The orc warrior is moderately wounded.
You block the orc warrior's attack.
Okay, then.
Space bends around you!
You blink.
The orc hits you with a +0 club.
Things that are here:
a +0 leather armour; a +0 falchion; an orc skeleton
Things that are here:
16 arrows; a +0 shortbow
Okay, then.
Roll where?
Press: ? - help, Dir - move target, f/p - orc warrior
Aim: an orc warrior, wielding a +0 trident and wearing a +0 chain mail (moderately wounded)
You roll forward with a clatter of scales!
You hit the orc warrior.
You tail-slap the orc warrior, but do no damage.
The orc warrior is heavily wounded.
You block the orc warrior's attack.
You closely miss the orc warrior.
The orc warrior is heavily wounded.
You hit the orc. You block the orc warrior's attack.
The orc hits you but does no damage.
You hit the orc warrior but do no damage.
The orc warrior is heavily wounded.
You barely miss the orc.
The orc warrior hits you with a +0 trident!
* * * LOW HITPOINT WARNING * * *
The orc hits you with a +0 club.
* * * LOW HITPOINT WARNING * * *
A red film seems to cover your vision as you go berserk!
You feel yourself moving faster!
You feel mighty!
The orc warrior hits you with a +0 trident!!
You die...

........#######.### ##.
##...###..........#####.#
##> #.#######......... #
#.# #.######.# #.# .# ##.
..# #[# .# ##
....####.###### .# ###
#....oo....##.# #..
#....@.....##.# #.#
#...÷....#.##.# #.#
#..##°##.#.##.# #.#
#..##÷##....#.## #.#
#.....<........# #.#
o......###....#..#####o#
.##................o....
#........#.###.......#
#..........###..######


You could see an orc warrior and an orc.

Vanquished Creatures
  Grinder (D:3)
  An ice beast (D:5)
  An ogre (D:4)
  A centaur (D:6)
  4 lemures
  A bullfrog (D:6)
  A scorpion (D:5)
  A jelly (D:5)
  An orc priest (D:3)
  A bullfrog skeleton (D:5)
  2 worker ants (D:5)
  Natasha (thrice) (D:4)
  An iguana (D:4)
  3 orc wizards
  Terence (D:3)
  A hound skeleton (D:5)
  A howler monkey skeleton (D:4)
  5 adders
  An ufetubus (D:5)
  An ooze (D:1)
  3 dart slugs
  18 orcs
  5 giant cockroaches
  6 goblins
  9 hobgoblins
  17 jackals
  6 kobolds
  2 quokkas
  A ball python (D:1)
  4 bats
  5 frilled lizards
  A jackal skeleton (D:4)
  9 rats
118 creatures vanquished.

Notes
Turn   | Place    | Note
-------+----------+-------------------------------------------
     0 | Abyss:1  | shoop the Palentonga Abyssal Knight began the quest for the
                  | Orb.
     0 | Abyss:1  | Reached XP level 1. HP: 20/20 MP: 2/2
    24 | D:1      | Escaped the Abyss
   207 | D:1      | Reached XP level 2. HP: 27/27 MP: 3/3
   522 | D:1      | Reached ** piety under Lugonu
   527 | D:1      | Reached skill level 3 in Axes
   575 | D:1      | Reached XP level 3. HP: 28/33 MP: 4/4
   693 | D:1      | You fall into a shaft and drop 1 floor!
  1229 | D:2      | Found a glowing golden altar of the Shining One.
  1232 | D:2      | Found an opulent altar of Gozag.
  1235 | D:2      | Found a shimmering blue altar of Sif Muna.
  1238 | D:2      | Found a blossoming altar of Fedhas.
  1806 | D:2      | Reached XP level 4. HP: 40/40 MP: 6/6
  2106 | D:2      | Found a runed translucent door.
  2107 | D:2      | Noticed Crazy Yiuf
  2307 | D:3      | Reached skill level 4 in Axes
  3136 | D:3      | Noticed an ice beast
  3280 | D:3      | Noticed Grinder
  3288 | D:3      | Paralysed by Grinder for 6 turns
  3296 | D:3      | Killed Grinder
  3297 | D:3      | Reached skill level 5 in Axes
  3297 | D:3      | Reached XP level 5. HP: 29/48 MP: 6/8
  3297 | D:3      | Reached XP level 6. HP: 32/54 MP: 6/9
  3686 | D:3      | Noticed Terence
  3704 | D:3      | Killed Terence
  4079 | D:4      | Noticed Natasha
  4082 | D:4      | Killed Natasha
  4094 | D:4      | Noticed Natasha
  4110 | D:4      | Killed Natasha
  4111 | D:4      | Reached skill level 6 in Axes
  4363 | D:4      | Reached *** piety under Lugonu
  4413 | D:4      | Noticed Natasha
  4422 | D:4      | Killed Natasha
  4423 | D:4      | Gained mutation: You curl defensively after being hit.
                  | [Palentonga growth]
  4423 | D:4      | Reached XP level 7. HP: 45/60 MP: 10/10
  4776 | D:4      | Found a staircase to the Ecumenical Temple.
  5128 | D:5      | Entered Level 5 of the Dungeon
  5207 | D:4      | Reached skill level 7 in Axes
  5885 | D:5      | Found Lananug's Weapon Shop.
  6587 | D:5      | Bought a +2 vorpal hand axe for 181 gold pieces
  6888 | D:6      | Reached skill level 1 in Shields
  6888 | D:6      | Reached skill level 5 in Invocations
  7226 | D:6      | Noticed Pikel
  7827 | D:6      | Noticed Edmund
  8574 | D:6      | Identified the +2 robe of Declim {rC+}
  8663 | D:6      | Reached skill level 8 in Axes
  8663 | D:6      | Reached XP level 8. HP: 23/67 MP: 10/12
  9021 | D:6      | Slain by an orc warrior

Illustrated notes

Levels and vault maps discovered:
D:1:      erik_arrival_triangle_large, layout_rooms
D:2:      layout_loops_cross, grunt_temple_overflow_cloverleaf,
          grunt_decor_arrowhead, uniq_crazy_yiuf_cottage
D:3:      layout_loops_ring, minivault_5, uniq_grinder, uniq_terence
D:4:      layout_rooms, minmay_temple_entry_glassed_door, uniq_natasha
D:5:      layout_basic, serial_shops, shop, chequers_serial_rivers_room_a
D:6:      layout_loops_ring, uniq_edmund, uniq_pikel
D:7:      layout_basic, basic_altar

Skill      XL: |  1  2  3  4  5  6  7 |
---------------+----------------------+-----
Axes           | 3 5 6 8 |  8.1
Invocations    | 3 4 5 |  5.4
Shields        | 1 |  1.7
Fighting       | |  3.0
Armour         | |  1.5
Dodging        | |  0.7

Action                   |  1- 3 |  4- 6 |  7- 9 || total
-------------------------+-------+-------+-------++-------
Melee: Hand axe          |   101 |   107 |   212 ||   420
       Tailslap          |     7 |     9 |    31 ||    47
Throw: Boomerang         |       |     1 |     1 ||     2
Invok: Bend Space        |     2 |       |    13 ||    15
 Abil: Rolling Charge    |    17 |    15 |    19 ||    51
  Use: Potion            |       |     3 |     1 ||     4
       Scroll            |       |       |     5 ||     5
Armor: Leather armour    |    34 |    18 |    55 ||   107
Dodge: Dodged            |    47 |    42 |    58 ||   147
Block: Kite shield       |       |       |    49 ||    49

Table legend: (Time is in decaauts)
 A = Elapsed time spent in this place.
 B = Non-inter-level travel time spent in this place.
 C = Inter-level travel time spent in this place.
 D = Time resting spent in this place.
 E = Time spent auto-exploring this place.
 F = Levels seen in this place.
 G = Mean time per level.
                   A        B        C        D        E       F      G
               +--------+--------+--------+--------+--------+-----+--------+
         Total |   9086 |   8623 |    463 |   1948 |   5059 |   8 | 1135.8 |
       Dungeon |   9062 |   8599 |    463 |   1948 |   5058 |   7 | 1294.6 |
         Abyss |     24 |     24 |      0 |      0 |      1 |   1 |   24.0 |
               +--------+--------+--------+--------+--------+-----+--------+

Top non-repeatable levels by time:
     D:5: 2461 daAuts
     D:3: 1710 daAuts
     D:2: 1450 daAuts
     D:4: 1396 daAuts
     D:1: 921 daAuts
     D:6: 903 daAuts
     D:7: 219 daAuts
 Abyss:1: 24 daAuts
